 Seeded DCSS version 0.28-a0-1567-g1695149f81 (webtiles) character file.

Game seed: 189 (custom seed)

2539 knot the Cleaver (level 9, -1/94 HPs)
             Began as a Demonspawn Berserker on Jan 20, 2022.
             Was an Elder of Trog.
             Killed from afar by a gargoyle (28 damage)
             ... with a stone arrow
             ... on level 7 of the Dungeon.
             The game lasted 00:09:10 (7098 turns).

knot the Cleaver (Demonspawn Berserker)             Turns: 7098, Time: 00:09:12

Health: -1/94      AC: 24    Str: 17    XL:     9   Next: 30%
Magic:  9/9        EV:  2    Int: 13    God:    Trog [****..]
Gold:   364        SH:  0    Dex: 13    Spells: 8/8 levels left

rFire   . . .      SeeInvis .   A - +1 trident (venom)
rCold   . . .      Faith    .   (no shield)
rNeg    . . .      Spirit   .   (armour currently unavailable)
rPois   +          Reflect  .   (helmet currently unavailable)
rElec   .          Harm     .   (cloak currently unavailable)
rCorr   .          Rampage  .   (gloves currently unavailable)
Will    +....      NoTele   +   (boots currently unavailable)
Stlth   +.........              f - amulet of magic regeneration
HPRegen 0.25/turn               b - ring of willpower
MPRegen 0.51/turn               (no ring)

@: confused, mighty, tree-form, ambrosia-drunk, on berserk cooldown, slowed,
very slow
A: stationary, stasis, torment immunity, boosted hp, (claws 2), powered by death
2, (sharp scales 2)
a: Renounce Religion, Berserk, Trog's Hand, Brothers in Arms


You were on level 7 of the Dungeon.
You worshipped Trog.
Trog was greatly pleased with you.
You were a tree.
You visited 1 branch of the dungeon, and saw 7 of its levels.

You collected 364 gold pieces.

Inventory:

Hand Weapons
 a - a +0 hand axe
 n - a +0 hand axe of flaming
 A - a +1 trident of venom (weapon)
Missiles
 c - 125 stones (quivered)
 v - 11 boomerangs
Armour
 i - a +0 helmet (melded)
 x - a +2 cloak (melded)
 z - a +0 troll leather armour (melded)
Jewellery
 b - a ring of willpower (left branch)
 f - an amulet of magic regeneration (around neck)
 h - a ring of ice
Wands
 r - a wand of iceblast (2)
Scrolls
 d - 5 scrolls of identify {unknown}
 k - a scroll of noise {unknown}
 o - a scroll of enchant armour {unknown}
 p - 2 scrolls of teleportation {unknown}
 q - a scroll of amnesia {unknown}
 s - a scroll of silence {unknown}
 w - a scroll of brand weapon {unknown}
 y - a scroll of immolation {unknown}
 C - a scroll of vulnerability {unknown}
Potions
 e - 3 potions of might
 g - a potion of lignification
 u - a potion of curing {unknown}
 B - a potion of invisibility {unknown}


   Skills:
 - Level 3.0 Fighting
 + Level 11.9 Axes
 - Level 1.7 Armour
 - Level 1.7 Dodging


You had 8 spell levels left.
You didn't know any spells.
Your spell library contained the following spells:

 Spells                   Type           Power      Damage    Failure   Level
 Ensorcelled Hibernation  Hex/Ice        0%         N/A       43%         2
 Spider Form              Tmut/Pois      0%         N/A       67%         3
 Anguish                  Hex/Necr       0%         N/A       97%         4
 Leda's Liquefaction      Hex/Erth       0%         N/A       97%         4
 Lee's Rapid Deconstruct  Erth           0%         3d5*      100%        5
 Statue Form              Tmut/Erth      0%         N/A       100%        6


Dungeon Overview and Level Annotations

Branches:
Dungeon (7/15)             Temple (0/1) D:6

Altars:
Elyvilon
Xom


Innate Abilities, Weirdness & Mutations

You are a tree.
Your roots penetrate the ground, keeping you stationary.
You cannot be teleported.
You are immune to unholy pain and torment.
Your maximum health is greatly increased.
Your equipment is partially melded.
((You have very sharp fingernails.))
You regenerate health from kills.
((You are mostly covered in razor-sharp scales. (AC +2, Slay +2)))


Message History

You feel the effects of Trog's Hand fading.
You feel sick.
You are no longer poisoned.
A gargoyle comes into view. It is wielding a +0 flail.
A gargoyle is nearby!
A gargoyle is nearby!
A gargoyle is nearby!
Okay, then.
It was a potion of might.
You feel very mighty all of a sudden.
It was a potion of lignification.
You turn into a tree.
Your +2 cloak melds into your body.
Your +0 helmet melds into your body.
Your +0 troll leather armour melds into your body.
Your roots penetrate the ground.
A wyvern skeleton comes into view.
The gargoyle hurls a stone arrow at you.
The stone arrow hits you!
* * * LOW HITPOINT WARNING * * *
It was a potion of heal wounds.
You feel much better.
The gargoyle hurls a stone arrow at you.
The stone arrow hits you!
It was a potion of ambrosia.
You are confused.
You feel invigorated.
Your skin stops crawling.
You feel less strong-willed.
The gargoyle hurls a stone arrow at you.
The stone arrow hits you!!
Okay, then.
Confused reach: A) +1 trident (venom)
Press: ? - help, Dir - move target, f - gargoyle
Aim: a gargoyle, wielding a +0 flail (about 42% to evade your +1 trident of venom)
You reach to attack!
You closely miss the gargoyle. The gargoyle hits you with a +0 flail.
You attack the rock wall.
The wyvern skeleton bites you but does no damage.
The wyvern skeleton bites you!
* * * LOW HITPOINT WARNING * * *
The gargoyle hurls a stone arrow at you.
The stone arrow hits you!!
You die...

##.#......#.#
#...........#
#........<..#
#.........>.#
#..†........#
...............#
...............#
.........#####9#
###..##..# #♣#
##. #..# #Z# #.
#..# #.# #(#
#.## #..## #...#
#)#.# .....#


You could see a gargoyle and a wyvern skeleton.

Vanquished Creatures
  A troll (D:5)
  Grinder (D:3)
  A water moccasin (D:6)
  A black bear (D:6)
  A phantom (D:7)
  Blork the orc (D:4)
  A gnoll sergeant (D:6)
  A bullfrog (D:7)
  4 scorpions
  A water moccasin zombie (D:5)
  6 killer bees (D:7)
  5 wights (D:6)
  5 howler monkeys
  2 centaur zombies
  A bullfrog skeleton (D:4)
  A hound (D:6)
  A jelly (D:5)
  A centaur skeleton (D:5)
  An orc priest (D:6)
  An iguana (D:6)
  4 orc wizards
  A killer bee zombie (D:6)
  2 howler monkey zombies
  Robin (D:2)
  8 gnolls
  A howler monkey skeleton (D:7)
  8 adders
  An adder skeleton (D:4)
  5 worms
  7 dart slugs
  24 orcs
  7 ball pythons
  6 endoplasms
  A giant cockroach (D:2)
  14 goblins
  11 hobgoblins
  4 jackals (D:1)
  6 quokkas
  6 bats
  3 frilled lizards
  6 kobolds
  A quokka skeleton (D:4)
  7 rats
171 creatures vanquished.

Vanquished Creatures (others)
  13 plants (D:2)
13 creatures vanquished.

Grand Total: 184 creatures vanquished

Notes
Turn   | Place    | Note
-------+----------+-------------------------------------------
     0 | D:1      | knot the Demonspawn Berserker began the quest for the Orb.
     0 | D:1      | Reached XP level 1. HP: 18/18 MP: 1/1
   179 | D:1      | Reached skill level 3 in Axes
   273 | D:1      | Gained mutation: You have sharp fingernails. [demonic
                  | ancestry]
   273 | D:1      | Reached XP level 2. HP: 24/24 MP: 2/2
  1007 | D:1      | Gained mutation: You regenerate a little health from kills.
                  | [demonic ancestry]
  1007 | D:1      | Reached XP level 3. HP: 29/29 MP: 3/3
  1413 | D:2      | Reached skill level 4 in Axes
  1515 | D:2      | Reached ** piety under Trog
  1531 | D:2      | Noticed Robin
  1538 | D:2      | Killed Robin
  1716 | D:2      | Gained mutation: You have very sharp fingernails. [demonic
                  | ancestry]
  1716 | D:2      | Reached XP level 4. HP: 18/35 MP: 4/4
  2380 | D:2      | Reached skill level 5 in Axes
  3085 | D:3      | Gained mutation: You are partially covered in razor-sharp
                  | scales. (AC +1, Slay +1) [demonic ancestry]
  3085 | D:3      | Reached XP level 5. HP: 41/41 MP: 5/5
  3684 | D:3      | Noticed Grinder
  3694 | D:3      | Killed Grinder
  3695 | D:3      | Reached skill level 6 in Axes
  3695 | D:3      | Gained mutation: You regenerate health from kills. [demonic
                  | ancestry]
  3695 | D:3      | Reached XP level 6. HP: 47/47 MP: 6/6
  4349 | D:4      | Reached skill level 7 in Axes
  4360 | D:4      | Noticed Blork the orc
  4369 | D:4      | Killed Blork the orc
  4370 | D:4      | Gained mutation: You are mostly covered in razor-sharp
                  | scales. (AC +2, Slay +2) [demonic ancestry]
  4370 | D:4      | Reached XP level 7. HP: 52/52 MP: 7/7
  4556 | D:4      | Reached *** piety under Trog
  4662 | D:4      | Identified the +1 scale mail "Dulituz" {Rampage *Corrode
                  | rElec}
  5233 | D:5      | Entered Level 5 of the Dungeon
  5327 | D:5      | Reached skill level 8 in Axes
  5359 | D:5      | Noticed a troll
  5383 | D:5      | Killed a troll
  5385 | D:5      | Reached skill level 9 in Axes
  5385 | D:5      | Reached XP level 8. HP: 55/58 MP: 8/8
  5698 | D:5      | Found a shimmering altar of Xom.
  6157 | D:6      | Reached skill level 10 in Axes
  6296 | D:6      | Reached **** piety under Trog
  6504 | D:6      | Found a staircase to the Ecumenical Temple.
  6648 | D:6      | Reached skill level 11 in Axes
  6883 | D:6      | Reached XP level 9. HP: 60/63 MP: 9/9
  7079 | D:7      | HP: 4/94 [poisoned by a killer bee]
  7085 | D:7      | HP: 4/94 [poisoned by a killer bee]
  7092 | D:7      | Noticed a gargoyle
  7098 | D:7      | Killed from afar by a gargoyle

Illustrated notes

Levels and vault maps discovered:
D:1:      dpeg_arrival_simpleton_a, layout_basic, minivault_23
D:2:      wad_woods_tower, layout_basic, uniq_robin
D:3:      layout_basic, uniq_grinder
D:4:      layout_gridville, elyvilon_altar_5,
          hangedman_abyss_or_decor_lesser_grid, uniq_blork_the_orc
D:5:      layout_loops_ring, marbit_many_paths
D:6:      layout_basic, temple_pool_b
D:7:      layout_basic, abandoned_shop, minmay_fractal_squares_5

Skill      XL: |  1  2  3  4  5  6  7  8 |
---------------+-------------------------+-----
Axes           | 3 4 5 6 7 9 11 | 11.9
Fighting       | |  3.0
Armour         | |  1.7
Dodging        | |  1.7

Action                   |  1- 3 |  4- 6 |  7- 9 || total
-------------------------+-------+-------+-------++-------
Melee: Hand axe          |   128 |   184 |   245 ||   557
       Punch             |     2 |     2 |     5 ||     9
       Trident           |       |       |    16 ||    16
Throw: Dart              |       |       |     2 ||     2
       Stone             |       |       |     1 ||     1
Invok: Berserk           |     1 |     6 |     5 ||    12
       Trog's Hand       |       |     1 |     1 ||     2
Evoke: Wand              |       |       |    21 ||    21
  Use: Potion            |       |       |     4 ||     4
 Stab: Sleeping          |     1 |     1 |     2 ||     4
Armor: Animal skin       |    25 |    44 |    22 ||    91
       Troll leather arm |       |       |    86 ||    86
       Skin              |       |       |     1 ||     1
Dodge: Dodged            |    96 |   103 |   175 ||   374

Table legend: (Time is in decaauts)
 A = Elapsed time spent in this place.
 B = Non-inter-level travel time spent in this place.
 C = Inter-level travel time spent in this place.
 D = Time resting spent in this place.
 E = Time spent auto-exploring this place.
 F = Levels seen in this place.
 G = Mean time per level.
                   A        B        C        D        E       F      G
               +--------+--------+--------+--------+--------+-----+--------+
         Total |   7174 |   6985 |    189 |   1614 |   4175 |   7 | 1024.9 |
       Dungeon |   7174 |   6985 |    189 |   1614 |   4175 |   7 | 1024.9 |
               +--------+--------+--------+--------+--------+-----+--------+

Top non-repeatable levels by time:
     D:2: 1630 daAuts
     D:1: 1397 daAuts
     D:3: 1182 daAuts
     D:4: 1102 daAuts
     D:5: 876 daAuts
     D:6: 832 daAuts
     D:7: 153 daAuts
